cohdb
Replays
Latest Replays
All Replays
Popular Replays
Top Player Replays
Match Explorer
How It Works
Community
CoH3 Stats
Reddit
Sign in to upload your games and track your stats! →
Sign in with Steam
Match 33282777
Unlisted
Match 33282777
Overview
Messages
Build Orders
End
Construct Barracks
Riflemen Squad
Riflemen Squad
M1 Mortar Team
Grenade Package
Riflemen Squad
Riflemen Squad
Mechanized Support Center
Construct Medical Station
Construct Motor Pool
M8 Greyhound Armored Car
Rearm and Retrofit
Designate Forward Repair Station
M1918 Browning Automatic Rifles
Riflemen Squad
M1 Anti-tank Gun Team
M1 Anti-tank Gun Team
Rapid Repairs
Selects Special Operations Battlegroup
Selects M29 Weasel Recon Vehicle
Selects P-47 Anti-Infantry Loiter
Designate Forward Repair Station
Selects Raiding Flares
Selects SSF Commando Squad
SSF Commando Squad
SSF Commando Squad
Dahlian
Random_Target
Tango
Turtleboy
BiliBilI_23984226_Luckyman55
ValiantHawk
AirborneAssassin
DON DOMINO
0
0
Comments
sign in to comment!
No comments posted yet!